Map: [TLMC15] Curious Minds

Players

Serral

  • Race: Zerg Zerg

Rogue - Winner!

  • Race: Zerg Zerg

Event: DreamHack SC2 Masters 2021 Winter

VOD

Have the link to the VOD?

Description

Time

  • Played on: Nov. 13, 2021, 1:52 p.m.
  • Length: 7:57

All games in this series

Show
View Real Time Build Order
Export as new Build Order

Serral Zerg 

Build Orders: Hatch First 

Get SALT Encoding   

  12  0:00  Drone  
  13  0:12  Overlord  
  13  0:17  Drone  
  14  0:30  Drone  
  14  0:31  Drone  
  16  0:47  Hatchery  
  15  0:51  Drone  
  15  0:54  Drone  
  17  1:08  Spawning Pool  
  17  1:10  Extractor  
  15  1:13  Drone  
  15  1:16  Drone  
  17  1:19  Drone  
  18  1:27  Drone  
  19  1:39  Drone  
  20  1:50  Overlord  
  20  1:59  Queen x2  
  20  2:00  Drone, Zergling x2  
  26  2:10  Drone, Metabolic Boost  
  26  2:11  Drone  
  28  2:21  Zergling x2  
  28  2:22  Drone  
  30  2:34  Hatchery  
  29  2:37  Drone  
  29  2:38  Drone  
  31  2:46  Baneling Nest  
  31  2:47  Drone  
  31  2:51  Overlord  
  31  2:56  Drone  
  31  2:57  Drone  
  33  3:03  Queen  
  35  3:09  Drone  
  35  3:10  Drone x2  
  38  3:13  Drone  
  38  3:15  Zergling x2  
  38  3:17  Zergling x2  
  41  3:20  Overlord  
  41  3:26  Zergling x2, Evolution Chamber  
  41  3:28  Zergling x2  
  41  3:34  Drone x2  
  41  3:39  Drone x3  
  41  3:40  Drone  
  47  3:45  Baneling  
  47  3:46  Drone x2  
  47  3:47  Drone  
  50  3:50  Drone  
  50  3:51  Drone  
  50  3:55  Zerg Missile Weapons Level 1  
  52  4:00  Roach Warren  
  51  4:06  Zergling x2  
  51  4:07  Overlord  
  51  4:08  Drone  
  51  4:09  Drone  
  54  4:10  Drone  
  54  4:12  Drone x2  
  54  4:16  Overlord  
  57  4:21  Drone x2  
  57  4:23  Baneling  
  58  4:25  Extractor x2  
  58  4:27  Drone x3  
  58  4:30  Zergling x2  
  60  4:31  Overlord  
  60  4:33  Drone  
  61  4:38  Lair  
  61  4:40  Drone  
  61  4:43  Drone  
  62  4:47  Zergling x2  
  62  4:48  Drone x2  
  62  4:50  Drone x3  
  62  4:52  Drone x2  
  70  4:58  Overlord  
  70  5:01  Drone x2  
  70  5:05  Extractor, Overlord  
  71  5:11  Drone x3  
  73  5:15  Drone x2  
  73  5:18  Extractor x2  
  73  5:25  Drone x5  
  73  5:26  Roach x4  
  73  5:27  Roach  
  88  5:32  Overlord  
  88  5:33  Roach x2  
  91  5:36  Baneling  
  91  5:37  Overseer  
  91  5:38  Glial Reconstitution  
  91  5:41  Roach  
  93  5:43  Baneling  
  93  5:46  Roach x2  
  97  5:50  Drone  
  97  5:53  Evolution Chamber  
  97  5:55  Spine Crawler  
  97  5:57  Spine Crawler, Roach  
  96  5:58  Roach  
  96  6:00  Spine Crawler  
  96  6:01  Spine Crawler  
  96  6:02  Baneling x5  
  96  6:04  Overlord x2  
  98  6:05  Roach x2  
  98  6:08  Overlord  
  106  6:18  Roach x3  
  106  6:23  Roach x4  
  106  6:24  Roach x2  
  84  6:33  Roach x5  
  84  6:38  Roach  
  84  6:39  Roach  
  92  6:42  Roach  
  92  6:46  Roach x2  
  86  6:52  Roach x2  
  84  6:55  Roach  
  84  6:58  Roach  
  75  7:03  Roach  
  75  7:07  Roach  
  69  7:12  Roach  
  62  7:15  Roach  
  62  7:20  Roach  
  64  7:30  Roach x2  
  64  7:32  Roach  
  64  7:35  Roach  
Show
View Real Time Build Order
Export as new Build Order

Rogue Zerg - Winner!

Build Orders: Hatch First 

Get SALT Encoding   

  12  0:00  Drone  
  13  0:12  Overlord  
  13  0:16  Drone  
  14  0:30  Drone x2  
  16  0:47  Hatchery  
  15  0:50  Drone  
  15  0:54  Drone  
  18  0:57  Drone  
  18  1:08  Extractor  
  17  1:11  Spawning Pool  
  17  1:15  Drone  
  18  1:18  Drone  
  18  1:27  Drone  
  19  1:38  Drone  
  20  1:49  Drone  
  21  1:59  Queen x2  
  21  2:00  Zergling x2, Overlord  
  26  2:10  Drone  
  26  2:11  Drone, Metabolic Boost  
  28  2:21  Drone x2  
  30  2:32  Drone x2  
  32  2:39  Hatchery  
  32  2:44  Queen  
  31  2:50  Drone  
  34  2:54  Baneling Nest  
  34  2:55  Drone  
  34  2:59  Overlord  
  34  3:01  Zergling x2  
  35  3:09  Drone  
  36  3:18  Drone x2  
  36  3:19  Drone x4  
  42  3:20  Zergling x2  
  43  3:28  Evolution Chamber, Overlord  
  42  3:34  Drone  
  43  3:45  Baneling x2, Zergling x2  
  43  3:46  Overlord  
  44  3:48  Drone  
  44  3:49  Drone x2  
  44  3:55  Baneling  
  47  3:56  Baneling  
  47  3:58  Extractor x2  
  47  3:59  Drone  
  47  4:00  Drone x4  
  50  4:04  Zergling x4  
  52  4:12  Overlord  
  52  4:13  Roach Warren  
  50  4:19  Zerg Ground Armor Level 1  
  50  4:20  Drone x5  
  54  4:27  Drone x2  
  56  4:31  Overlord  
  56  4:42  Drone x2  
  56  4:43  Zergling x6  
  56  4:45  Overlord  
  61  4:50  Extractor x2  
  59  4:55  Overlord  
  59  4:56  Roach x3  
  59  4:57  Roach x2  
  68  5:04  Roach  
  70  5:10  Overlord  
  70  5:15  Roach x3  
  70  5:16  Roach  
  70  5:18  Overlord  
  78  5:23  Roach x4  
  85  5:31  Roach  
  85  5:32  Roach x4  
  95  5:40  Roach  
  95  5:41  Roach x2  
  100  5:44  Roach, Overlord  
  102  5:51  Zergling x10  
  102  5:53  Zergling x2  
  107  6:04  Baneling x7  
  107  6:06  Zergling x12  
  107  6:09  Zergling x2  
  107  6:10  Zergling x4  
  116  6:12  Zergling x2  
  116  6:14  Zergling x2  
  116  6:17  Zergling x4  
  116  6:18  Zergling x2  
  121  6:22  Overlord  
  121  6:24  Zergling x2  
  120  6:26  Overlord  
  120  6:32  Zergling x2  
  111  6:33  Zergling x2  
  111  6:37  Ravager, Zergling x8  
  107  6:42  Zergling x2  
  107  6:43  Lair  
  107  6:44  Zergling x2  
  107  6:45  Zergling x4  
  106  6:49  Zergling x2  
  106  6:53  Zergling x2  
  106  6:54  Zergling x4  
  95  7:01  Zergling x2  
  95  7:03  Ravager  
  95  7:04  Ravager, Zergling x2  
  94  7:09  Zergling x2  
  94  7:10  Zergling x2  
  94  7:11  Zergling x2  
  94  7:13  Zergling x6  
  94  7:15  Zergling x6  
  91  7:16  Zergling x6  
  89  7:26  Roach x3  
  95  7:30  Roach  
  95  7:33  Roach  
  94  7:37  Roach  

Tags
 
Add a new tag
Caveats
  • Supply blocks, unpowered buildings, or Contaminate may cause inaccurate times.
  • Supply counts are checked every 10 seconds.